Workbook

Sheet RAPPEL compétences 
A1: LOGO du centre de formation | D1: Exemples de tâches concrètes permettant au stagiaire ou apprenti d'aborder les compétences détaillées du référentiel Dans tous les cas préciser votre rôle ( "observateur, j'ai assisté mon tuteur, j'ai travaillé en autonomie...") Recueillir des données, les comparer avec les valeurs des pièces du marché, des DTU, normes... conclure
A2: Compétences U61 | B2: Compétences détaillées
A3: C2 : exprimer techniquement les besoins d’un client | B3: Recueillir les données | D3: Lors de la réunion hebdomadaire rencontrer l’architecte et le maitre d'ouvrage du projet et échanger avec ces derniers sur le cahier des charges initial relatif au projet (définir les besoins du client) Analyser les contraintes de site (forte pente, accès, portance du sol, règle d'urbanisme...) et de calendrier (commercialisation, date livraison, ...)
B4: Traduire techniquement le besoin | D4: Traduite les contraintes initiales du projet (construction en limite de propriété, besoin d'une grande surface libre, …..), en choix techniques (reprise en sous œuvre ou voile par passes, recours à de dalle alvéolaires sur certaines zones...)
B5: Proposer des variantes techniques | D5: Avant de valider ses modes de réalisation l'entreprise a-t-elle envisagée des variantes ? Elles étaient inscrites au marché? Si oui, lesquelles et pourquoi ne pas les avoir retenues?
B6: Présenter et justifier les solutions proposées | D6: Proposer une fiche de synthèse concernant l'ensemble des modes constructifs et justifier les choix de l'entreprise pour tous les ouvrages élémentaires (fondation, élévation, plancher,…). Détailler particulièrement les points singuliers du projet, par exemple pour les composants préfabriquées (recueillir des données afin de justifier ce choix)
A7: C15 : Gérer les dépenses et les recettes d’un chantier | B7: Établir l'avancement des travaux y compris les travaux modificatifs | D7: Faire un état des lieux du chantier et le recouper avec le planning à votre arrivée (pointer l'avancement, prendre des photographies des ouvrages ) Pointer toutes les fins de semaine le planning, conclure et justifier l'avance ou retard (penser à récupérer un exemplaire du planning client et entreprise, si possible au format informatique) Faire un état des lieux du chantier à votre départ et un point final sur le planning
B8: Établir une situation de travaux y compris les travaux modificatifs | D8: En troisième semaine du mois en cours, solliciter le conducteur de travaux pour qu'il vous montre comment se réalise la facturation. Dans le cas où des valeurs chiffrées ne peuvent pas vous être communiquées, demander un canevas vierge et détailler les mécanismes (retenue de garantie, actualisation, révision,...) et le délai de mise en paiement
B9: Valider les factures des fournisseurs (bons de livraison – factures) | D9: Lors d'une livraison, pointer et réceptionner les matériels et/ou matériaux, analyser les conditionnements et coût de transport
B10: Récupérer et saisir les coûts réels des dépenses | D10: Pour des éléments courants , recueillir le prix et le mode de facturation des différentes fournitures livrées (béton, aciers , composants préfabriqués…)
A11: C16 : Conduire les travaux en phase de gros œuvre | B11: Analyser les écarts sur la base des tableaux de bord établis | D11: En début de stage ou apprentissage, selectionner une ou plusieurs phases ou tâches qui pourront être observées en terme de délai de réalisation, objectifs qualité et sécurité etc. Comparer les écarts entre le prévisionnel et le constaté, analyser les écarts.
B12: Contrôler l'exécution des ouvrages y compris les interfaces entre les corps d’états. | D12: Le soir vérifier l’implantation des ouvrages décoffrés de la journée Comparer leur implantation et dimensions par rapport aux tolérances des pièces du marché, aux conditions de réception des CES, des DTU, .. Conclure
B13: Adapter les moyens en main d’œuvre et en matériel | D13: Si l'effectif est amené a évoluer pendant la durée d'immersion en entreprise, recouper les dates avec le planning et justifier cette évolution De même si une livraison de matériel (sous hausse , coffrage spécifique de dalle) à lieu pendant la même période.
B14: Planifier et coordonner des interventions et des approvisionnements | D14: A partir du planning, pointer et anticiper les livraisons (préfa, bloc porte, …), préciser le délai entre commande et livraison (rappel prémur = 1 mois par exemple), les conditionnements, le mode de transport et conditions (camion plein, livraison en // d'autres chantiers de l'entreprise,....) idem pour l'intervention des sous traitant (terrassier, étancheur,...)
B15: Mettre à jour l’avancement des travaux et établir les mesures correctives. | D15: Sur la période de votre stage à partir de vos pointages de fin de semaine, actualiser les plannings, détailler clairement les effectifs, les cadences (m²/j, u/j,…) conclure
B16: Gérer les imprévus. | D16: Détailler sur les 8 semaines les aléas n'apparaissant pas au planning (panne, retard, intempéries = vent supérieur à 72 km/h = pas de grue, ....)
B17: Compléter les documents du chantier (PPSPS, PAJ, fiches,..) | D17: Avec le conducteur de travaux, constater les évolutions de ces documents pendant la période d'accueil en entreprise Pour des tâches bien spécifiques au chantier (pose d'une grosse préfa, reprise en sous œuvre, voile toute hauteur,…) analyser le mode opératoire proposé dans le PPSPS de l'entreprise, produire un reportage photographique lors de la réalisation sur site, analyser / conclure
B18: Vérifier la conformité des équipements, matériaux et matériels livrés | D18: Lors d'une livraison, pointer et réceptionner les matériels et/ou matériaux
B19: Faire respecter les dispositions d'hygiène, de sécurité et de protection de l'environnement. | D19: Relever "les bonnes idées sécurité" mise en oeuvre ou imposées par l'entreprise, proposer des pistes d'amélioration si cela semble possible Demander une copie du document précisant les mesures limitant l'impact environnemental du chantier et pointer sur site ces dispositifs (huile végétale + bac de rétention, tri des déchets, ...)
A20: C18 : Assurer la coordination avec les intervenants du chantier | B20: Planifier et coordonner les interventions des corps d’état. | D20: Sur le planning gros œuvre pointer les périodes de livraison possible de zones ou de bâtiments Reprendre les compte-rendus des réunions hebdomadaires et analyser l'écart entre ces dates de livraison et les dates d'intervention indiquée au CR , analyser et conclure
B21: Conduire une réunion de travail | D21: Demander à assister aux réunions hebdomadaires du projet et analyser comment la réunion est animée, qui est convoqué, nature des questions soulevées, qui décide en cas de différent...

Sheet Sommaire type rapport activité 
A1: LOGO du centre de formation | F1: présentation générale | T1: Aspects vécus / activités stagiaires | AP1: conclusion
C2: pages | D2: mini | E2: 1 | G2: 3 | M2: 3 | T2: 3 | AA2: 4 | AJ2: 12 | AP2: 3 | AS2: =SUM(E2:AP2) -> 29
D3: maxi | E3: 1 | G3: 5 | M3: 6 | T3: 8 | AA3: 8 | AJ3: 16 | AP3: 5 | AS3: =SUM(E3:AP3) -> 49
A4: sommaire "type" d'un rapport d'activité et ventilation des compétences | E4: 0 présentation du stagiaire (CV, cursus, objectifs) | F4: 1 présentation de l'entreprise | G4: domaine d'activité et secteur géographique | H4: historique | I4: structure juridique + évolution CA / bilan | J4: organigramme + rôle + effectifs +position stagiare | K4: gestion matériel + partenaires | L4: chantiers de référence | M4: 2 présentation du projet | N4: présentation globale de la nature de l'ouvrage | O4: type de marché et intervenants | P4: plans masse + coupe + étage concerné sur A3 | Q4: fiche d'identité (S, V ,durée….) | R4: planning TCE | S4: modes constructifs, variantes | T4: 3 présentation du chantier | U4: état des lieux arrivée (PIC, effectif, CH ,..) | V4: montant du lot GO + objectif de l'entreprise | W4: planning "chantier", effectifs sur la période | X4: détails gestion MO "35h" intempéries RTT + déplacements pour les équipes du chantier | Y4: procédés de réalisation rencontrés sur la période + mission du stagaire + matériel affecté | Z4: présentation des points singuliers +contraintes | AA4: 4 suivi et avancement des travaux | AB4: présentation de la zone d'intervention + lien avec planning, effectifs | AC4: tableau d'activités ou planning hebdomadaire +rôle du stagiaire sous forme de synthèse | AD4: suivi des livraisons et facturation et pointage MO | AE4: suivi et analyse du planning + détermination de cadences réelles + gestion des interfaces CES et ST | AF4: approvisionnement mtx et mtl sur les 8 semaines | AG4: organisation des équipes sur une journée | AH4: analyse du contenu d'une situation mensuelle | AI4: bilan des réunions hebdomadaires et analyse imprévus | AJ4: 5 présentation et analyse détaillée d'un (ou des) élément(s) d'ouvrage ou des activités d'études ou de conduite | AK4: localisation et fonction de l'ouvrage | AL4: modes de conception + solution retenue | AM4: analyse "critique" du phasage et sécurité | AN4: contrôle d'exe | AO4: budget d'heures et coût | AP4: 6 conclusion | AQ4: analyse globale de ces 8 semaines | AR4: difficultés recontrées et remédiation | AS4: possibilités d'aborder la compétence
A5: C2 : exprimer techniquement les besoins d’un client | B5: Recueillir les données | N5: 1 | Q5: 1 | AS5: =SUM(E5:AP5) -> 2
B6: Traduire techniquement le besoin | N6: 1 | P6: 1 | U6: 1 | AK6: 1 | AS6: =SUM(E6:AP6) -> 4
B7: Proposer des variantes techniques | S7: 1 | AL7: 1 | AS7: =SUM(E7:AP7) -> 2
B8: Présenter et justifier les solutions proposées | S8: 1 | Z8: 1 | AL8: 1 | AS8: =SUM(E8:AP8) -> 3
A9: C15 : Gérer les dépenses et les recettes d’un chantier | B9: Établir l'avancement des travaux y compris les travaux modificatifs | W9: 1 | AB9: 1 | AC9: 1 | AS9: =SUM(E9:AP9) -> 3
B10: Établir une situation de travaux y compris les travaux modificatifs | AH10: 1 | AS10: =SUM(E10:AP10) -> 1
B11: Valider les factures des fournisseurs (bons de livraison – factures) | AD11: 1 | AO11: 1 | AS11: =SUM(E11:AP11) -> 2
B12: Récupérer et saisir les coûts réels des dépenses | AD12: 1 | AO12: 1 | AS12: =SUM(E12:AP12) -> 2
A13: C16 : Conduire les travaux en phase de gros œuvre | B13: Analyser les écarts sur la base des tableaux de bord établis | V13: 1 | AE13: 1 | AS13: =SUM(E13:AP13) -> 2
B14: Contrôler l'exécution des ouvrages y compris les interfaces entre les corps d’états. | AE14: 1 | AN14: 1 | AS14: =SUM(E14:AP14) -> 2
B15: Adapter les moyens en main d’œuvre et en matériel | W15: 1 | Y15: 1 | AS15: =SUM(E15:AP15) -> 2
B16: Planifier et coordonner des interventions et des approvisionnements | AE16: 1 | AF16: 1 | AS16: =SUM(E16:AP16) -> 2
B17: Mettre à jour l’avancement des travaux et établir les mesures correctives. | AG17: 1 | AI17: 1 | AS17: =SUM(E17:AP17) -> 2
B18: Gérer les imprévus. | AI18: 1 | AS18: =SUM(E18:AP18) -> 1
B19: Compléter les documents du chantier (PPSPS, PAJ, fiches,..) | AM19: 1 | AS19: =SUM(E19:AP19) -> 1
B20: Vérifier la conformité des équipements, matériaux et matériels livrés | Z20: 1 | AF20: 1 | AM20: 1 | AS20: =SUM(E20:AP20) -> 3
B21: Faire respecter les dispositions d'hygiène, de sécurité et de protection de l'environnement. | Z21: 1 | AM21: 1 | AS21: =SUM(E21:AP21) -> 2
A22: C18 : Assurer la coordination avec les intervenants du chantier | B22: Planifier et coordonner les interventions des corps d’état. | R22: 1 | AE22: 1 | AS22: =SUM(E22:AP22) -> 2
B23: Conduire une réunion de travail | AI23: 1 | AS23: =SUM(E23:AP23) -> 1
C24: nombre de compétences abordées par chapitre | G24: =SUM(G5:G23) -> 0 | H24: =SUM(H5:H23) -> 0 | I24: =SUM(I5:I23) -> 0 | J24: =SUM(J5:J23) -> 0 | K24: =SUM(K5:K23) -> 0 | L24: =SUM(L5:L23) -> 0 | N24: =SUM(N5:N23) -> 2 | O24: =SUM(O5:O23) -> 0 | P24: =SUM(P5:P23) -> 1 | Q24: =SUM(Q5:Q23) -> 1 | R24: =SUM(R5:R23) -> 1 | S24: =SUM(S5:S23) -> 2 | U24: =SUM(U5:U23) -> 1 | V24: =SUM(V5:V23) -> 1 | W24: =SUM(W5:W23) -> 2 | X24: =SUM(X5:X23) -> 0 | Y24: =SUM(Y5:Y23) -> 1 | Z24: =SUM(Z5:Z23) -> 3 | AB24: =SUM(AB5:AB23) -> 1 | AC24: =SUM(AC5:AC23) -> 1 | AD24: =SUM(AD5:AD23) -> 2 | AE24: =SUM(AE5:AE23) -> 4 | AF24: =SUM(AF5:AF23) -> 2 | AG24: =SUM(AG5:AG23) -> 1 | AH24: =SUM(AH5:AH23) -> 1 | AI24: =SUM(AI5:AI23) -> 3 | AK24: =SUM(AK5:AK23) -> 1 | AL24: =SUM(AL5:AL23) -> 2 | AM24: =SUM(AM5:AM23) -> 3 | AN24: =SUM(AN5:AN23) -> 1 | AO24: =SUM(AO5:AO23) -> 2 | AP24: =SUM(AP5:AP23) -> 0 | AQ24: =SUM(AQ5:AQ23) -> 0 | AR24: =SUM(AR5:AR23) -> 0

Sheet Objectifs stagiaire-apprenti
A1: LOGO du centre de formation | D1: Objectifs du stagiaire ou de l'apprenti
A2: Compétences | B2: Compétences détaillées | D2: quand? | E2: où avec qui? | F2: comment ? | G2: objectifs stagiaires
A3: C2 : exprimer techniquement les besoins d’un client | B3: Recueillir les données | D3: semaine s1 ou s2 | E3: lors de la réunion hebdomadaire prendre rdv avec l'architecte, la maitrise d'œuvre ou l'OPC | F3: participation 2/3 réunionZ + fournir le DCE | G3: récupérer s2 les éléments relatifs aux taches abordées + organigramme chantier + élément du DCE
B4: Traduire techniquement le besoin | D4: s1 ou s2 | E4: accueil stagiaire ou apprenti sur site pour présentation globale du chantier par le tuteur + tour de chantier
B5: Proposer des variantes techniques
B6: Présenter et justifier les solutions proposées | D6: fin s3 | G6: rédaction de la partie présentation du chantier à partir des éléments ci-dessus y compris illustrations et variantes pour la fin de s4
A7: C15 : Gérer les dépenses et les recettes d’un chantier | B7: Établir l'avancement des travaux y compris les travaux modificatifs | D7: chaque semaine | E7: chef de chantier | F7: pointer sur un planning et sur le plan du niveau + reporter effectifs, cadences, …(document à créer en cas d'absence) | G7: analyser le pointage hebdomadaire
B8: Établir une situation de travaux y compris les travaux modificatifs | D8: le 20 du mois (soit S2 et S5) | E8: avec le conduc ou comptable | F8: l'assister le pointage (tour de chantier=avancement) voir gestion prorata accompagner le service comptable | G8: analyser la structure du document + savoir eco/gestion détailler la gestion financière du règlement d'une situation dans l'entreprise
B9: Valider les factures des fournisseurs (bons de livraison – factures) | D9: 1 fois en 8 sem | E9: avec le conduc | F9: analyse lancement de la commande (délai, conditionnement) recueillir bon de commande + réceptionner la commande | G9: détailler mode règlement de la facture et son suivi
B10: Récupérer et saisir les coûts réels des dépenses | E10: avec le conduc | F10: récupérer un ordre de grandeur des prix de des matériaux et matériel mis en œuvre + et fiches de MO correspondantes | G10: être capable de produire des éléments pour rédiger SD d'ouvrage réalisé
A11: C16 : Conduire les travaux en phase de gros œuvre | B11: Analyser les écarts sur la base des tableaux de bord établis
B12: Contrôler l'exécution des ouvrages y compris les interfaces entre les corps d’états. | D12: lors de la réalisation | E12: équipe | F12: recueillir les tolérances remplir une fiche auto contrôle si elle existe dans le cas contraire analyse et conclusion | G12: mise en place d'un plan d'action et de remédiation
B13: Adapter les moyens en main d’œuvre et en matériel | D13: sur la durée | E13: chef de chantier | F13: lecture accompagnée du planning | G13: rendre compte et analyse et évolutions
B14: Planifier et coordonner des interventions et des approvisionnements | D14: sur la durée | E14: aux déclenchements des commandes | F14: associer le stagiaire à la prise de décision | G14: rendre compte des contraintes (délais, transport, stockage,..)
B15: Mettre à jour l’avancement des travaux et établir les mesures correctives. | E15: chef de chantier ou conduc | F15: pointer sur un planning et sur le plan du niveau + reporter effectifs, cadences, … (document à créer en cas d'absence) | G15: =G7 -> analyser le pointage hebdomadaire
B16: Gérer les imprévus. | D16: sur la durée | F16: rapporter l'évènement et les moyens adoptés pour y remédier | G16: rendre compte
B17: Compléter les documents du chantier (PPSPS, PAJ, fiches,..) | D17: demander le PPSPS relatif à la tache, 1 semaine avant l'évenement | E17: conduc / service méthodes | F17: reportage photos afin de comparer ce qui est prescris dans le PPSPS et ce qui et mis en oeuvre | G17: analyser / comparer / critiquer et conclure
B18: Vérifier la conformité des équipements, matériaux et matériels livrés | D18: livraison, prédalle / préfa ou armatures | E18: chef de chantier / chef d'équipe
B19: Faire respecter les dispositions d'hygiène, de sécurité et de protection de l'environnement. | D19: sur la durée | F19: "reportage" photos + commentaires + croquis et/ou phasage de la réalité sur chantier | G19: comparaison avec le ppsps et les phasages méthodes de l'entreprise
A20: C18 : Assurer la coordination avec les intervenants du chantier | B20: Planifier et coordonner les interventions des corps d’état. | D20: sur la durée | E20: réunion hebdo + point avec le tuteur | F20: pointage sur le planning initial prise de contact avec le ST pour gestion des contraintes d'intervention | G20: rendre compte des contraintes par ST et CES
B21: Conduire une réunion de travail | D21: sur la durée | E21: conduc | F21: participer aux réunions méthodes, réunion BET, RDV hebdo | G21: rendre compte des PB soulevés, et analyse de la gestion des PB

Sheet semaine 1
A1: CAHIER DE BORD : DEROULEMENT DU STAGE OU DE L4APPRENTISSAGE EN MILIEU PROFESSIONNEL | E1: =MID(CELL("nomfichier",A1),FIND("]",CELL("nomfichier",A1))+1,20) -> semaine 1
A2: ETUDIANT / APPRENTI : | D2: ENTREPRISE :
A3: Chantier :
E4: Compétences
C5: objectifs à atteindre : | E5: C2 : exprimer techniquement les besoins d’un client | I5: C15 : Gérer les dépenses et les recettes d’un chantier | M5: C16 : Conduire les travaux en phase de gros œuvre | V5: C18 : Assurer la coordination avec les intervenants du chantier
C6: prendre RDV avec la maitrise d'œuvre récupérer des élements du DCE | D6: validé / en attente / non abordé validé / en attente / non abordé | E6: Recueillir les données | F6: Traduire techniquement le besoin | G6: Proposer des variantes techniques | H6: Présenter et justifier les solutions proposées | I6: Établir l'avancement des travaux y compris les travaux modificatifs | J6: Établir une situation de travaux y compris les travaux modificatifs | K6: Valider les factures des fournisseurs (bons de livraison – factures) | L6: Récupérer et saisir les coûts réels des dépenses | M6: Analyser les écarts sur la base des tableaux de bord établis | N6: Contrôler l'exécution des ouvrages y compris les interfaces entre les corps d’états. | O6: Adapter les moyens en main d’œuvre et en matériel | P6: Planifier et coordonner des interventions et des approvisionnements | Q6: Mettre à jour l’avancement des travaux et établir les mesures correctives. | R6: Gérer les imprévus. | S6: Compléter les documents du chantier (PPSPS, PAJ, fiches,..) | T6: Vérifier la conformité des équipements, matériaux et matériels livrés | U6: Faire respecter les dispositions d'hygiène, de sécurité et de protection de l'environnement. | V6: Planifier et coordonner les interventions des corps d’état. | W6: Conduire une réunion de travail
C7: Tâches effectuées Décrire succinctement la tâche que vous avez réalisée en regard de la compétence détaillée | D7: Remarques /impressions vos impressions et remarques concernant le déroulement, le contexte, les moyens humains et matériels……etc…
A8: Mai | B8: lundi 7
B9: mardi 8 | C9: férié
B10: mercredi 9
B11: jeudi 10 | C11: férié
B12: vendredi 11
D13: compétence abordées cette semaine | E13: =SUM(E8:E12) -> 0 | F13: =SUM(F8:F12) -> 0 | G13: =SUM(G8:G12) -> 0 | H13: =SUM(H8:H12) -> 0 | I13: =SUM(I8:I12) -> 0 | J13: =SUM(J8:J12) -> 0 | K13: =SUM(K8:K12) -> 0 | L13: =SUM(L8:L12) -> 0 | ... W13: =SUM(W8:W12) -> 0

Sheet semaine 2
A1: CAHIER DE BORD : DEROULEMENT DU STAGE OU DE L4APPRENTISSAGE EN MILIEU PROFESSIONNEL | E1: =MID(CELL("nomfichier",A1),FIND("]",CELL("nomfichier",A1))+1,20) -> semaine 2
A2: ETUDIANT / APPRENTI : | D2: ='semaine 1'!D2 -> ENTREPRISE :
A3: ='semaine 1'!A3:C3 -> Chantier :
E4: Compétences
C5: objectifs à atteindre : | E5: C2 : exprimer techniquement les besoins d’un client | I5: C15 : Gérer les dépenses et les recettes d’un chantier | M5: C16 : Conduire les travaux en phase de gros œuvre | V5: C18 : Assurer la coordination avec les intervenants du chantier
C6: - prendre RDV avec la maitrise d'œuvre - récupérer des élements du DCE | D6: validé / en attente / non abordé validé / en attente / non abordé | E6: Recueillir les données | F6: Traduire techniquement le besoin | G6: Proposer des variantes techniques | H6: Présenter et justifier les solutions proposées | I6: Établir l'avancement des travaux y compris les travaux modificatifs | J6: Établir une situation de travaux y compris les travaux modificatifs | K6: Valider les factures des fournisseurs (bons de livraison – factures) | L6: Récupérer et saisir les coûts réels des dépenses | M6: Analyser les écarts sur la base des tableaux de bord établis | N6: Contrôler l'exécution des ouvrages y compris les interfaces entre les corps d’états. | O6: Adapter les moyens en main d’œuvre et en matériel | P6: Planifier et coordonner des interventions et des approvisionnements | Q6: Mettre à jour l’avancement des travaux et établir les mesures correctives. | R6: Gérer les imprévus. | S6: Compléter les documents du chantier (PPSPS, PAJ, fiches,..) | T6: Vérifier la conformité des équipements, matériaux et matériels livrés | U6: Faire respecter les dispositions d'hygiène, de sécurité et de protection de l'environnement. | V6: Planifier et coordonner les interventions des corps d’état. | W6: Conduire une réunion de travail
C7: Tâches effectuées Décrire succinctement la tâche que vous avez réalisée en regard de la compétence détaillée | D7: Remarques /impressions vos impressions et remarques concernant le déroulement, le contexte, les moyens humains et matériels……etc…
A8: Mai | B8: lundi 14
B9: mardi 15
B10: mercredi 16
B11: jeudi 17
B12: vendredi 18
D13: compétence abordées cette semaine | E13: =SUM(E8:E12) -> 0 | F13: =SUM(F8:F12) -> 0 | G13: =SUM(G8:G12) -> 0 | H13: =SUM(H8:H12) -> 0 | I13: =SUM(I8:I12) -> 0 | J13: =SUM(J8:J12) -> 0 | K13: =SUM(K8:K12) -> 0 | L13: =SUM(L8:L12) -> 0 | ... W13: =SUM(W8:W12) -> 0
D14: rappel semaines passées | E14: ='semaine 1'!E13 -> 0 | F14: ='semaine 1'!F13 -> 0 | G14: ='semaine 1'!G13 -> 0 | H14: ='semaine 1'!H13 -> 0 | I14: ='semaine 1'!I13 -> 0 | J14: ='semaine 1'!J13 -> 0 | K14: ='semaine 1'!K13 -> 0 | L14: ='semaine 1'!L13 -> 0 | ... W14: ='semaine 1'!W13 -> 0
D15: vous devez avoir validé au moins 50% des compétence en fin de stage | E15: =E14+E13 -> 0 | F15: =F14+F13 -> 0 | G15: =G14+G13 -> 0 | H15: =H14+H13 -> 0 | I15: =I14+I13 -> 0 | J15: =J14+J13 -> 0 | K15: =K14+K13 -> 0 | L15: =L14+L13 -> 0 | ... W15: =W14+W13 -> 0

Sheet semaine 3
A1: CAHIER DE BORD : DEROULEMENT DU STAGE OU DE L4APPRENTISSAGE EN MILIEU PROFESSIONNEL | E1: =MID(CELL("nomfichier",A1),FIND("]",CELL("nomfichier",A1))+1,20) -> semaine 3
A2: ETUDIANT / APPRENTI : | D2: ='semaine 1'!D2 -> ENTREPRISE :
A3: ='semaine 1'!A3:C3 -> Chantier :
E4: Compétences
C5: objectifs à atteindre : | E5: C2 : exprimer techniquement les besoins d’un client | I5: C15 : Gérer les dépenses et les recettes d’un chantier | M5: C16 : Conduire les travaux en phase de gros œuvre | V5: C18 : Assurer la coordination avec les intervenants du chantier
C6: - commencer à rédiger la partie présentation du chantier (compétence C2) - prendre rdv avec le conduc pour voir comment il rédige une situation | D6: validé / en attente / non abordé validé / en attente / non abordé | E6: Recueillir les données | F6: Traduire techniquement le besoin | G6: Proposer des variantes techniques | H6: Présenter et justifier les solutions proposées | I6: Établir l'avancement des travaux y compris les travaux modificatifs | J6: Établir une situation de travaux y compris les travaux modificatifs | K6: Valider les factures des fournisseurs (bons de livraison – factures) | L6: Récupérer et saisir les coûts réels des dépenses | M6: Analyser les écarts sur la base des tableaux de bord établis | N6: Contrôler l'exécution des ouvrages y compris les interfaces entre les corps d’états. | O6: Adapter les moyens en main d’œuvre et en matériel | P6: Planifier et coordonner des interventions et des approvisionnements | Q6: Mettre à jour l’avancement des travaux et établir les mesures correctives. | R6: Gérer les imprévus. | S6: Compléter les documents du chantier (PPSPS, PAJ, fiches,..) | T6: Vérifier la conformité des équipements, matériaux et matériels livrés | U6: Faire respecter les dispositions d'hygiène, de sécurité et de protection de l'environnement. | V6: Planifier et coordonner les interventions des corps d’état. | W6: Conduire une réunion de travail
C7: Tâches effectuées Décrire succinctement la tâche que vous avez réalisée en regard de la compétence détaillée | D7: Remarques /impressions vos impressions et remarques concernant le déroulement, le contexte, les moyens humains et matériels……etc…
A8: Mai | B8: lundi 21
B9: mardi 22
B10: mercredi 23
B11: jeudi 24
B12: vendredi 25
D13: compétence abordées cette semaine | E13: =SUM(E8:E12) -> 0 | F13: =SUM(F8:F12) -> 0 | G13: =SUM(G8:G12) -> 0 | H13: =SUM(H8:H12) -> 0 | I13: =SUM(I8:I12) -> 0 | J13: =SUM(J8:J12) -> 0 | K13: =SUM(K8:K12) -> 0 | L13: =SUM(L8:L12) -> 0 | ... W13: =SUM(W8:W12) -> 0
D14: rappel semaines passées | E14: ='semaine 2'!E15 -> 0 | F14: ='semaine 2'!F15 -> 0 | G14: ='semaine 2'!G15 -> 0 | H14: ='semaine 2'!H15 -> 0 | I14: ='semaine 2'!I15 -> 0 | J14: ='semaine 2'!J15 -> 0 | K14: ='semaine 2'!K15 -> 0 | L14: ='semaine 2'!L15 -> 0 | ... W14: ='semaine 2'!W15 -> 0
D15: vous devez avoir validé au moins 50% des compétence en fin de stage | E15: =E14+E13 -> 0 | F15: =F14+F13 -> 0 | G15: =G14+G13 -> 0 | H15: =H14+H13 -> 0 | I15: =I14+I13 -> 0 | J15: =J14+J13 -> 0 | K15: =K14+K13 -> 0 | L15: =L14+L13 -> 0 | ... W15: =W14+W13 -> 0

Sheet semaine 4
A1: CAHIER DE BORD : DEROULEMENT DU STAGE OU DE L4APPRENTISSAGE EN MILIEU PROFESSIONNEL | E1: =MID(CELL("nomfichier",A1),FIND("]",CELL("nomfichier",A1))+1,20) -> semaine 4
A2: ='semaine 1'!A2:C2 -> ETUDIANT / APPRENTI : | D2: ='semaine 1'!D2 -> ENTREPRISE :
A3: ='semaine 1'!A3:C3 -> Chantier :
E4: Compétences
C5: objectifs à atteindre : | E5: C2 : exprimer techniquement les besoins d’un client | I5: C15 : Gérer les dépenses et les recettes d’un chantier | M5: C16 : Conduire les travaux en phase de gros œuvre | V5: C18 : Assurer la coordination avec les intervenants du chantier
C6: - faire un premier point sur le planning - choisir un point technique et avoir récupéré le PPSPS correspondant - finir la rédaction de la partie présentation du chantier (compétence C2) | D6: validé / en attente / non abordé validé / en attente / non abordé validé / en attente / non abordé | E6: Recueillir les données | F6: Traduire techniquement le besoin | G6: Proposer des variantes techniques | H6: Présenter et justifier les solutions proposées | I6: Établir l'avancement des travaux y compris les travaux modificatifs | J6: Établir une situation de travaux y compris les travaux modificatifs | K6: Valider les factures des fournisseurs (bons de livraison – factures) | L6: Récupérer et saisir les coûts réels des dépenses | M6: Analyser les écarts sur la base des tableaux de bord établis | N6: Contrôler l'exécution des ouvrages y compris les interfaces entre les corps d’états. | O6: Adapter les moyens en main d’œuvre et en matériel | P6: Planifier et coordonner des interventions et des approvisionnements | Q6: Mettre à jour l’avancement des travaux et établir les mesures correctives. | R6: Gérer les imprévus. | S6: Compléter les documents du chantier (PPSPS, PAJ, fiches,..) | T6: Vérifier la conformité des équipements, matériaux et matériels livrés | U6: Faire respecter les dispositions d'hygiène, de sécurité et de protection de l'environnement. | V6: Planifier et coordonner les interventions des corps d’état. | W6: Conduire une réunion de travail
C7: Tâches effectuées Décrire succinctement la tâche que vous avez réalisée en regard de la compétence détaillée | D7: Remarques /impressions vos impressions et remarques concernant le déroulement, le contexte, les moyens humains et matériels……etc…
A8: mai | B8: lundi 28
B9: mardi 29
B10: mercredi 30
B11: jeudi 31
A12: Juin | B12: vendredi 1
D13: compétence abordées cette semaine | E13: =SUM(E8:E12) -> 0 | F13: =SUM(F8:F12) -> 0 | G13: =SUM(G8:G12) -> 0 | H13: =SUM(H8:H12) -> 0 | I13: =SUM(I8:I12) -> 0 | J13: =SUM(J8:J12) -> 0 | K13: =SUM(K8:K12) -> 0 | L13: =SUM(L8:L12) -> 0 | ... W13: =SUM(W8:W12) -> 0
D14: rappel semaines passées | E14: ='semaine 3'!E15 -> 0 | F14: ='semaine 3'!F15 -> 0 | G14: ='semaine 3'!G15 -> 0 | H14: ='semaine 3'!H15 -> 0 | I14: ='semaine 3'!I15 -> 0 | J14: ='semaine 3'!J15 -> 0 | K14: ='semaine 3'!K15 -> 0 | L14: ='semaine 3'!L15 -> 0 | ... W14: ='semaine 3'!W15 -> 0
D15: vous devez avoir validé au moins 50% des compétence en fin de stage | E15: =E14+E13 -> 0 | F15: =F14+F13 -> 0 | G15: =G14+G13 -> 0 | H15: =H14+H13 -> 0 | I15: =I14+I13 -> 0 | J15: =J14+J13 -> 0 | K15: =K14+K13 -> 0 | L15: =L14+L13 -> 0 | ... W15: =W14+W13 -> 0

Sheet semaine 5
A1: CAHIER DE BORD : DEROULEMENT DU STAGE OU DE L4APPRENTISSAGE EN MILIEU PROFESSIONNEL | E1: =MID(CELL("nomfichier",A1),FIND("]",CELL("nomfichier",A1))+1,20) -> semaine 5
A2: ='semaine 1'!A2:C2 -> ETUDIANT / APPRENTI : | D2: ='semaine 1'!D2 -> ENTREPRISE :
A3: ='semaine 1'!A3:C3 -> Chantier :
E4: Compétences
C5: objectifs à atteindre : | E5: C2 : exprimer techniquement les besoins d’un client | I5: C15 : Gérer les dépenses et les recettes d’un chantier | M5: C16 : Conduire les travaux en phase de gros œuvre | V5: C18 : Assurer la coordination avec les intervenants du chantier
C6: - faire un premier point sur le planning - choisir un point technique et avoir récupéré le PPSPS correspondant - avez-vous assisté à au moins 1 réunion de chantier? | D6: validé / en attente / non abordé validé / en attente / non abordé validé / en attente / non abordé | E6: Recueillir les données | F6: Traduire techniquement le besoin | G6: Proposer des variantes techniques | H6: Présenter et justifier les solutions proposées | I6: Établir l'avancement des travaux y compris les travaux modificatifs | J6: Établir une situation de travaux y compris les travaux modificatifs | K6: Valider les factures des fournisseurs (bons de livraison – factures) | L6: Récupérer et saisir les coûts réels des dépenses | M6: Analyser les écarts sur la base des tableaux de bord établis | N6: Contrôler l'exécution des ouvrages y compris les interfaces entre les corps d’états. | O6: Adapter les moyens en main d’œuvre et en matériel | P6: Planifier et coordonner des interventions et des approvisionnements | Q6: Mettre à jour l’avancement des travaux et établir les mesures correctives. | R6: Gérer les imprévus. | S6: Compléter les documents du chantier (PPSPS, PAJ, fiches,..) | T6: Vérifier la conformité des équipements, matériaux et matériels livrés | U6: Faire respecter les dispositions d'hygiène, de sécurité et de protection de l'environnement. | V6: Planifier et coordonner les interventions des corps d’état. | W6: Conduire une réunion de travail
C7: Tâches effectuées Décrire succinctement la tâche que vous avez réalisée en regard de la compétence détaillée | D7: Remarques /impressions vos impressions et remarques concernant le déroulement, le contexte, les moyens humains et matériels……etc…
A8: Juin | B8: lundi 4
B9: mardi 5
B10: mercredi 6
B11: jeudi 7
B12: vendredi 8
D13: compétence abordées cette semaine | E13: =SUM(E8:E12) -> 0 | F13: =SUM(F8:F12) -> 0 | G13: =SUM(G8:G12) -> 0 | H13: =SUM(H8:H12) -> 0 | I13: =SUM(I8:I12) -> 0 | J13: =SUM(J8:J12) -> 0 | K13: =SUM(K8:K12) -> 0 | L13: =SUM(L8:L12) -> 0 | ... W13: =SUM(W8:W12) -> 0
D14: rappel semaines passées | E14: ='semaine 4'!E15 -> 0 | F14: ='semaine 4'!F15 -> 0 | G14: ='semaine 4'!G15 -> 0 | H14: ='semaine 4'!H15 -> 0 | I14: ='semaine 4'!I15 -> 0 | J14: ='semaine 4'!J15 -> 0 | K14: ='semaine 4'!K15 -> 0 | L14: ='semaine 4'!L15 -> 0 | ... W14: ='semaine 4'!W15 -> 0
D15: vous devez avoir validé au moins 50% des compétence en fin de stage | E15: =E14+E13 -> 0 | F15: =F14+F13 -> 0 | G15: =G14+G13 -> 0 | H15: =H14+H13 -> 0 | I15: =I14+I13 -> 0 | J15: =J14+J13 -> 0 | K15: =K14+K13 -> 0 | L15: =L14+L13 -> 0 | ... W15: =W14+W13 -> 0

Sheet semaine 6
A1: CAHIER DE BORD : DEROULEMENT DU STAGE OU DE L4APPRENTISSAGE EN MILIEU PROFESSIONNEL | E1: =MID(CELL("nomfichier",A1),FIND("]",CELL("nomfichier",A1))+1,20) -> semaine 6
A2: ='semaine 1'!A2:C2 -> ETUDIANT / APPRENTI : | D2: ='semaine 1'!D2 -> ENTREPRISE :
A3: ='semaine 1'!A3:C3 -> Chantier :
E4: Compétences
C5: objectifs à atteindre : | E5: C2 : exprimer techniquement les besoins d’un client | I5: C15 : Gérer les dépenses et les recettes d’un chantier | M5: C16 : Conduire les travaux en phase de gros œuvre | V5: C18 : Assurer la coordination avec les intervenants du chantier
C6: - avez-vous controlé des ouvrages éxécutés? - avez-vous réceptionné des matériaux? - avez vous des éléments sur les commandes de mtx/mtl? | D6: validé / en attente / non abordé validé / en attente / non abordé validé / en attente / non abordé validé / en attente / non abordé | E6: Recueillir les données | F6: Traduire techniquement le besoin | G6: Proposer des variantes techniques | H6: Présenter et justifier les solutions proposées | I6: Établir l'avancement des travaux y compris les travaux modificatifs | J6: Établir une situation de travaux y compris les travaux modificatifs | K6: Valider les factures des fournisseurs (bons de livraison – factures) | L6: Récupérer et saisir les coûts réels des dépenses | M6: Analyser les écarts sur la base des tableaux de bord établis | N6: Contrôler l'exécution des ouvrages y compris les interfaces entre les corps d’états. | O6: Adapter les moyens en main d’œuvre et en matériel | P6: Planifier et coordonner des interventions et des approvisionnements | Q6: Mettre à jour l’avancement des travaux et établir les mesures correctives. | R6: Gérer les imprévus. | S6: Compléter les documents du chantier (PPSPS, PAJ, fiches,..) | T6: Vérifier la conformité des équipements, matériaux et matériels livrés | U6: Faire respecter les dispositions d'hygiène, de sécurité et de protection de l'environnement. | V6: Planifier et coordonner les interventions des corps d’état. | W6: Conduire une réunion de travail
C7: Tâches effectuées Décrire succinctement la tâche que vous avez réalisée en regard de la compétence détaillée | D7: Remarques /impressions vos impressions et remarques concernant le déroulement, le contexte, les moyens humains et matériels……etc…
A8: Juin | B8: lundi 11
B9: mardi 12
B10: mercredi 13
B11: jeudi 14
B12: vendredi 15
D13: compétence abordées cette semaine | E13: =SUM(E8:E12) -> 0 | F13: =SUM(F8:F12) -> 0 | G13: =SUM(G8:G12) -> 0 | H13: =SUM(H8:H12) -> 0 | I13: =SUM(I8:I12) -> 0 | J13: =SUM(J8:J12) -> 0 | K13: =SUM(K8:K12) -> 0 | L13: =SUM(L8:L12) -> 0 | ... W13: =SUM(W8:W12) -> 0
D14: rappel semaines passées | E14: ='semaine 5'!E15 -> 0 | F14: ='semaine 5'!F15 -> 0 | G14: ='semaine 5'!G15 -> 0 | H14: ='semaine 5'!H15 -> 0 | I14: ='semaine 5'!I15 -> 0 | J14: ='semaine 5'!J15 -> 0 | K14: ='semaine 5'!K15 -> 0 | L14: ='semaine 5'!L15 -> 0 | ... W14: ='semaine 5'!W15 -> 0
D15: vous devez avoir validé au moins 50% des compétence en fin de stage | E15: =E14+E13 -> 0 | F15: =F14+F13 -> 0 | G15: =G14+G13 -> 0 | H15: =H14+H13 -> 0 | I15: =I14+I13 -> 0 | J15: =J14+J13 -> 0 | K15: =K14+K13 -> 0 | L15: =L14+L13 -> 0 | ... W15: =W14+W13 -> 0

Sheet semaine 7
A1: CAHIER DE BORD : DEROULEMENT DU STAGE OU DE L4APPRENTISSAGE EN MILIEU PROFESSIONNEL | E1: =MID(CELL("nomfichier",A1),FIND("]",CELL("nomfichier",A1))+1,20) -> semaine 7
A2: ='semaine 1'!A2:C2 -> ETUDIANT / APPRENTI : | D2: ='semaine 1'!D2 -> ENTREPRISE :
A3: ='semaine 1'!A3:C3 -> Chantier :
E4: Compétences
C5: objectifs à atteindre : | E5: C2 : exprimer techniquement les besoins d’un client | I5: C15 : Gérer les dépenses et les recettes d’un chantier | M5: C16 : Conduire les travaux en phase de gros œuvre | V5: C18 : Assurer la coordination avec les intervenants du chantier
C6: - faire un second point sur le planning - finaliser photos du point technique et récupérer l'ensemble des documents (PPSPS, extrait de plan, doc fournisseur) - prendre rdv avec le conduc pour voir comment il rédige une situation, essayer de récupérer une copie de bordereau de livraison + prix des matéraux mis en œuvre | D6: validé / en attente / non abordé validé / en attente / non abordé validé / en attente / non abordé | E6: Recueillir les données | F6: Traduire techniquement le besoin | G6: Proposer des variantes techniques | H6: Présenter et justifier les solutions proposées | I6: Établir l'avancement des travaux y compris les travaux modificatifs | J6: Établir une situation de travaux y compris les travaux modificatifs | K6: Valider les factures des fournisseurs (bons de livraison – factures) | L6: Récupérer et saisir les coûts réels des dépenses | M6: Analyser les écarts sur la base des tableaux de bord établis | N6: Contrôler l'exécution des ouvrages y compris les interfaces entre les corps d’états. | O6: Adapter les moyens en main d’œuvre et en matériel | P6: Planifier et coordonner des interventions et des approvisionnements | Q6: Mettre à jour l’avancement des travaux et établir les mesures correctives. | R6: Gérer les imprévus. | S6: Compléter les documents du chantier (PPSPS, PAJ, fiches,..) | T6: Vérifier la conformité des équipements, matériaux et matériels livrés | U6: Faire respecter les dispositions d'hygiène, de sécurité et de protection de l'environnement. | V6: Planifier et coordonner les interventions des corps d’état. | W6: Conduire une réunion de travail
C7: Tâches effectuées Décrire succinctement la tâche que vous avez réalisée en regard de la compétence détaillée | D7: Remarques /impressions vos impressions et remarques concernant le déroulement, le contexte, les moyens humains et matériels……etc…
A8: Juin | B8: lundi 18
B9: mardi 19
B10: mercredi 20
B11: jeudi 21
B12: vendredi 22
D13: compétence abordées cette semaine | E13: =SUM(E8:E12) -> 0 | F13: =SUM(F8:F12) -> 0 | G13: =SUM(G8:G12) -> 0 | H13: =SUM(H8:H12) -> 0 | I13: =SUM(I8:I12) -> 0 | J13: =SUM(J8:J12) -> 0 | K13: =SUM(K8:K12) -> 0 | L13: =SUM(L8:L12) -> 0 | ... W13: =SUM(W8:W12) -> 0
D14: rappel semaines passées | E14: ='semaine 6'!E15 -> 0 | F14: ='semaine 6'!F15 -> 0 | G14: ='semaine 6'!G15 -> 0 | H14: ='semaine 6'!H15 -> 0 | I14: ='semaine 6'!I15 -> 0 | J14: ='semaine 6'!J15 -> 0 | K14: ='semaine 6'!K15 -> 0 | L14: ='semaine 6'!L15 -> 0 | ... W14: ='semaine 6'!W15 -> 0
D15: vous devez avoir validé au moins 50% des compétence en fin de stage | E15: =E14+E13 -> 0 | F15: =F14+F13 -> 0 | G15: =G14+G13 -> 0 | H15: =H14+H13 -> 0 | I15: =I14+I13 -> 0 | J15: =J14+J13 -> 0 | K15: =K14+K13 -> 0 | L15: =L14+L13 -> 0 | ... W15: =W14+W13 -> 0

Sheet semaine 8
A1: CAHIER DE BORD : DEROULEMENT DU STAGE OU DE L4APPRENTISSAGE EN MILIEU PROFESSIONNEL | E1: =MID(CELL("nomfichier",A1),FIND("]",CELL("nomfichier",A1))+1,20) -> semaine 8
A2: ='semaine 1'!A2:C2 -> ETUDIANT / APPRENTI : | D2: ='semaine 1'!D2 -> ENTREPRISE :
A3: ='semaine 1'!A3:C3 -> Chantier :
E4: Compétences
C5: objectifs à atteindre : | E5: C2 : exprimer techniquement les besoins d’un client | I5: C15 : Gérer les dépenses et les recettes d’un chantier | M5: C16 : Conduire les travaux en phase de gros œuvre | V5: C18 : Assurer la coordination avec les intervenants du chantier
C6: rependre les objectifs des 8 semaines et faire un point pour récupérer les éléments manquants | E6: Recueillir les données | F6: Traduire techniquement le besoin | G6: Proposer des variantes techniques | H6: Présenter et justifier les solutions proposées | I6: Établir l'avancement des travaux y compris les travaux modificatifs | J6: Établir une situation de travaux y compris les travaux modificatifs | K6: Valider les factures des fournisseurs (bons de livraison – factures) | L6: Récupérer et saisir les coûts réels des dépenses | M6: Analyser les écarts sur la base des tableaux de bord établis | N6: Contrôler l'exécution des ouvrages y compris les interfaces entre les corps d’états. | O6: Adapter les moyens en main d’œuvre et en matériel | P6: Planifier et coordonner des interventions et des approvisionnements | Q6: Mettre à jour l’avancement des travaux et établir les mesures correctives. | R6: Gérer les imprévus. | S6: Compléter les documents du chantier (PPSPS, PAJ, fiches,..) | T6: Vérifier la conformité des équipements, matériaux et matériels livrés | U6: Faire respecter les dispositions d'hygiène, de sécurité et de protection de l'environnement. | V6: Planifier et coordonner les interventions des corps d’état. | W6: Conduire une réunion de travail
C7: Tâches effectuées Décrire succinctement la tâche que vous avez réalisée en regard de la compétence détaillée | D7: Remarques /impressions vos impressions et remarques concernant le déroulement, le contexte, les moyens humains et matériels……etc…
A8: Juin | B8: lundi 25
B9: mardi 26
B10: mercredi 27
B11: jeudi 28
B12: vendredi 29
D13: compétence abordées cette semaine | E13: =SUM(E8:E12) -> 0 | F13: =SUM(F8:F12) -> 0 | G13: =SUM(G8:G12) -> 0 | H13: =SUM(H8:H12) -> 0 | I13: =SUM(I8:I12) -> 0 | J13: =SUM(J8:J12) -> 0 | K13: =SUM(K8:K12) -> 0 | L13: =SUM(L8:L12) -> 0 | ... W13: =SUM(W8:W12) -> 0
D14: rappel semaines passées | E14: ='semaine 7'!E15 -> 0 | F14: ='semaine 7'!F15 -> 0 | G14: ='semaine 7'!G15 -> 0 | H14: ='semaine 7'!H15 -> 0 | I14: ='semaine 7'!I15 -> 0 | J14: ='semaine 7'!J15 -> 0 | K14: ='semaine 7'!K15 -> 0 | L14: ='semaine 7'!L15 -> 0 | ... W14: ='semaine 7'!W15 -> 0
D15: vous devez avoir validé au moins 50% des compétence en fin de stage | E15: =E14+E13 -> 0 | F15: =F14+F13 -> 0 | G15: =G14+G13 -> 0 | H15: =H14+H13 -> 0 | I15: =I14+I13 -> 0 | J15: =J14+J13 -> 0 | K15: =K14+K13 -> 0 | L15: =L14+L13 -> 0 | ... W15: =W14+W13 -> 0
